 Dungeon Crawl Stone Soup version 0.22.1-1-ga44c0e5 (webtiles) character file.

199 asgloki the Sneak (level 6, 0/41 HPs)
             Began as a Halfling Assassin on Oct 16, 2018.
             Slain by a hound (3 damage)
             ... on level 4 of the Dungeon.
             The game lasted 00:18:28 (1987 turns).

asgloki the Sneak (Halfling Assassin)               Turns: 1987, Time: 00:18:28

Health: 0/41       AC:  3    Str: 12    XL:     6   Next: 6%
Magic:  6/6        EV: 15    Int:  9    God:
Gold:   182        SH:  0    Dex: 18    Spells: 5/5 levels left

rFire    . . .     SeeInvis .   n - +2 quarterstaff (chaos)
rCold    . . .     Gourm    .   (shield currently unavailable)
rNeg     . . .     Faith    .   c - +0 robe
rPois    .         Spirit   .   p - +0 hat
rElec    .         Reflect  .   o - +0 cloak
rCorr    .         Harm     .   (no gloves)
MR       .....                  (no boots)
Stlth    +++.......             (no amulet)
HPRegen  0.13/turn              (no ring)
MPRegen  0.10/turn              (no ring)

@: no status effects
A: small, mutation resistance 1
a: no special abilities


You were on level 4 of the Dungeon.
You were full.

You visited 1 branch of the dungeon, and saw 4 of its levels.

You collected 182 gold pieces.

Inventory:

Hand Weapons
 a - a +3 dagger
 b - a +0 blowgun
 j - a +0 dagger of venom
 k - a +0 hunting sling
 n - a +2 quarterstaff of chaos (weapon)
Missiles
 e - 33 poisoned needles
 f - 2 curare-tipped needles
 i - 26 arrows
 l - 28 stones (quivered)
Armour
 c - a +0 robe (worn)
 d - a +1 cloak
 o - a +0 cloak (worn)
 p - a +0 hat (worn)
Scrolls
 h - a scroll of magic mapping
 q - 2 scrolls of identify
 u - 2 scrolls of enchant weapon
 v - a scroll of random uselessness {unknown}
Potions
 m - a potion of mutation {unknown}
 r - a potion of lignification {unknown}
 s - a potion of cancellation {unknown}
Comestibles
 g - 5 rations


   Skills:
 + Level 2.6 Fighting
 + Level 4.0 Short Blades
 + Level 1.2 Staves
 + Level 2.0 Throwing
 + Level 1.9 Dodging
 + Level 5.9 Stealth


You had 5 spell levels left.
You didn't know any spells.
Your spell library was empty.

Dungeon Overview and Level Annotations

Branches:
Dungeon (4/15)
 Temple: D:4-7

Altars:
Dithmenos
Fedhas
Ru
Uskayaw


Innate Abilities, Weirdness & Mutations

You are small and have problems with some larger weapons.
You are somewhat resistant to further mutation.


Message History

You hit the hound.
The hound is heavily wounded.
The hound barely misses you. The hound bites you.
The gnoll hits you from afar with a spear.
* * * LOW HITPOINT WARNING * * *
The hound barely misses you. The hound bites you.
* * * LOW HITPOINT WARNING * * *
You hit the hound.
The hound is heavily wounded.
The hound barely misses you. The hound closely misses you.
The gnoll hits you from afar with a spear.
* * * LOW HITPOINT WARNING * * *
The hound misses you.
The hound pauses to sniff the ground.
The hound misses you.
As you read the scroll labeled BIEHAY MAYLERE, it crumbles to dust.
It is a scroll of amnesia.
You feel forgetful for a moment. The gnoll misses you.
The hound closely misses you. The hound bites you.
You die...

#.#.....##########..#.#...
#........##.........#.####
##..........######.#...###
#.......#### #.....#....
##.....## ##.#.#...###
#.....#######....##.##
#.##..#...#......##.#
#.##.P#.hg###...###.####
#.#...'@h.# ##.## #.....
#.#..P#+#+####.# ######
########.....# #....#
..........#..# ######
##############


You could see 2 hounds and a gnoll.

Vanquished Creatures
  Crazy Yiuf (D:2)
  A jelly (D:3)
  A worker ant (D:4)
  2 adders (D:3)
  4 gnolls (D:4)
  An ooze (D:2)
  An adder skeleton (D:4)
  A dart slug (D:1)
  2 leopard geckos (D:1)
  2 orcs (D:4)
  A ball python (D:4)
  3 bats
  8 giant cockroaches
  3 goblins
  5 hobgoblins
  4 jackals (D:3)
  3 kobolds
  A frilled lizard (D:4)
  7 rats
  A fungus (D:1)
52 creatures vanquished.

Notes
Turn   | Place    | Note
-------+----------+-------------------------------------------
     0 | D:1      | asgloki the Halfling Assassin began the quest for the Orb.
     0 | D:1      | Reached XP level 1. HP: 14/14 MP: 1/1
   117 | D:1      | Reached XP level 2. HP: 11/19 MP: 2/2
   430 | D:2      | Reached XP level 3. HP: 20/24 MP: 3/3
   453 | D:2      | Reached skill level 5 in Stealth
   971 | D:2      | Found a runed door.
   975 | D:2      | Noticed Crazy Yiuf
   979 | D:2      | Killed Crazy Yiuf
   979 | D:2      | Reached XP level 4. HP: 29/29 MP: 4/4
  1123 | D:3      | Found a sacrificial altar of Ru.
  1351 | D:3      | Reached XP level 5. HP: 34/35 MP: 5/5
  1399 | D:3      | Found a hide-covered altar of Uskayaw.
  1399 | D:3      | Found a blossoming altar of Fedhas.
  1827 | D:4      | Found a shadowy altar of Dithmenos.
  1833 | D:4      | Reached skill level 1 in Staves
  1868 | D:4      | Reached XP level 6. HP: 8/41 MP: 6/6
  1987 | D:4      | Slain by a hound

Skill      XL: |  1  2  3  4  5 |
---------------+----------------+-----
Fighting       | 2 |  2.6
Stealth        | 5 |  5.9
Short Blades   | 3 4 |  4.0
Staves         | 1 |  1.2
Throwing       | |  2.0
Dodging        | |  1.9

Action                   |  1- 3 |  4- 6 || total
-------------------------+-------+-------++-------
Melee: Dagger            |    92 |       ||    92
       Quarterstaff      |       |    63 ||    63
Throw: Stone             |       |     8 ||     8
  Use: Scroll            |     4 |     9 ||    13
       Potion            |     2 |     2 ||     4
 Stab: Sleeping          |     9 |     2 ||    11
       Confused          |       |     1 ||     1
  Eat: Chunk             |       |     1 ||     1
       Ration            |       |     2 ||     2
Armor: Robe              |     6 |    14 ||    20
Dodge: Dodged            |    39 |    79 ||   118
